Workbook

Sheet Summary
A1: Landscaping Budget Template
A2: ="Plan period: "&TEXT(Assumptions!$B$3,"mm/dd/yyyy")&" through "&TEXT(Assumptions!$B$4,"mm/dd/yyyy")&". Values below are calculated from entered budget data."
A3: Budget Revenue | B3: Budget Costs | C3: Budget Margin | D3: Budget Margin %
A4: =IF(OR(Assumptions!$B$3="",Assumptions!$B$4=""),"",IF(SUMPRODUCT(--(Budget!$A$5:$A$104>=Assumptions!$B$3),--(Budget!$A$5:$A$104<=Assumptions!$B$4),--(Budget!$D$5:$D$104="Revenue"),--ISNUMBER(Budget!$H$5:$H$104))=0,"",SUMIFS(Budget!$H$5:$H$104,Budget!$A$5:$A$104,">="&Assumptions!$B$3,Budget!$A$5:$A$104,"<="&Assumptions!$B$4,Budget!$D$5:$D$104,"Revenue"))) | B4: =IF(OR(Assumptions!$B$3="",Assumptions!$B$4=""),"",IF(SUMPRODUCT(--(Budget!$A$5:$A$104>=Assumptions!$B$3),--(Budget!$A$5:$A$104<=Assumptions!$B$4),--(Budget!$D$5:$D$104="Cost"),--ISNUMBER(Budget!$H$5:$H$104))=0,"",SUMIFS(Budget!$H$5:$H$104,Budget!$A$5:$A$104,">="&Assumptions!$B$3,Budget!$A$5:$A$104,"<="&Assumptions!$B$4,Budget!$D$5:$D$104,"Cost"))) | C4: =IF(COUNT(A4:B4)=0,"",IF(A4="",0,A4)-IF(B4="",0,B4)) | D4: =IFERROR(C4/A4,"")
A6: Actual Revenue | B6: Actual Costs | C6: Actual Margin | D6: Actual Margin %
A7: =IF(OR(Assumptions!$B$3="",Assumptions!$B$4=""),"",IF(SUMPRODUCT(--(Budget!$A$5:$A$104>=Assumptions!$B$3),--(Budget!$A$5:$A$104<=Assumptions!$B$4),--(Budget!$D$5:$D$104="Revenue"),--ISNUMBER(Budget!$I$5:$I$104))=0,"",SUMIFS(Budget!$I$5:$I$104,Budget!$A$5:$A$104,">="&Assumptions!$B$3,Budget!$A$5:$A$104,"<="&Assumptions!$B$4,Budget!$D$5:$D$104,"Revenue"))) | B7: =IF(OR(Assumptions!$B$3="",Assumptions!$B$4=""),"",IF(SUMPRODUCT(--(Budget!$A$5:$A$104>=Assumptions!$B$3),--(Budget!$A$5:$A$104<=Assumptions!$B$4),--(Budget!$D$5:$D$104="Cost"),--ISNUMBER(Budget!$I$5:$I$104))=0,"",SUMIFS(Budget!$I$5:$I$104,Budget!$A$5:$A$104,">="&Assumptions!$B$3,Budget!$A$5:$A$104,"<="&Assumptions!$B$4,Budget!$D$5:$D$104,"Cost"))) | C7: =IF(COUNT(A7:B7)=0,"",IF(A7="",0,A7)-IF(B7="",0,B7)) | D7: =IFERROR(C7/A7,"")
A9: Plan Lines | B9: Actual Entries | C9: Completed Lines | D9: Actual Coverage
A10: =IF(OR(Assumptions!$B$3="",Assumptions!$B$4=""),"",COUNTIFS(Budget!$A$5:$A$104,">="&Assumptions!$B$3,Budget!$A$5:$A$104,"<="&Assumptions!$B$4,Budget!$C$5:$C$104,"<>")) | B10: =IF(OR(Assumptions!$B$3="",Assumptions!$B$4=""),"",COUNTIFS(Budget!$A$5:$A$104,">="&Assumptions!$B$3,Budget!$A$5:$A$104,"<="&Assumptions!$B$4,Budget!$I$5:$I$104,"<>")) | C10: =IF(OR(Assumptions!$B$3="",Assumptions!$B$4=""),"",COUNTIFS(Budget!$A$5:$A$104,">="&Assumptions!$B$3,Budget!$A$5:$A$104,"<="&Assumptions!$B$4,Budget!$K$5:$K$104,"Complete")) | D10: =IFERROR(B10/A10,"")
A13: Month | B13: Plan Revenue | C13: Plan Costs | D13: Plan Margin | E13: Actual Revenue | F13: Actual Costs | G13: Actual Margin
A14: =IF(Assumptions!$B$2="","",DATE(Assumptions!$B$2,1,1)) | B14: =IF($A14="","",IF(SUMPRODUCT(--(Budget!$A$5:$A$104>=$A14),--(Budget!$A$5:$A$104<DATE(YEAR($A14),MONTH($A14)+1,1)),--(Budget!$D$5:$D$104="Revenue"),--ISNUMBER(Budget!$H$5:$H$104))=0,"",SUMIFS(Budget!$H$5:$H$104,Budget!$A$5:$A$104,">="&$A14,Budget!$A$5:$A$104,"<"&DATE(YEAR($A14),MONTH($A14)+1,1),Budget!$D$5:$D$104,"Revenue"))) | C14: =IF($A14="","",IF(SUMPRODUCT(--(Budget!$A$5:$A$104>=$A14),--(Budget!$A$5:$A$104<DATE(YEAR($A14),MONTH($A14)+1,1)),--(Budget!$D$5:$D$104="Cost"),--ISNUMBER(Budget!$H$5:$H$104))=0,"",SUMIFS(Budget!$H$5:$H$104,Budget!$A$5:$A$104,">="&$A14,Budget!$A$5:$A$104,"<"&DATE(YEAR($A14),MONTH($A14)+1,1),Budget!$D$5:$D$104,"Cost"))) | D14: =IF($A14="","",IF(COUNT(B14:C14)=0,"",IF(B14="",0,B14)-IF(C14="",0,C14))) | E14: =IF($A14="","",IF(SUMPRODUCT(--(Budget!$A$5:$A$104>=$A14),--(Budget!$A$5:$A$104<DATE(YEAR($A14),MONTH($A14)+1,1)),--(Budget!$D$5:$D$104="Revenue"),--ISNUMBER(Budget!$I$5:$I$104))=0,"",SUMIFS(Budget!$I$5:$I$104,Budget!$A$5:$A$104,">="&$A14,Budget!$A$5:$A$104,"<"&DATE(YEAR($A14),MONTH($A14)+1,1),Budget!$D$5:$D$104,"Revenue"))) | F14: =IF($A14="","",IF(SUMPRODUCT(--(Budget!$A$5:$A$104>=$A14),--(Budget!$A$5:$A$104<DATE(YEAR($A14),MONTH($A14)+1,1)),--(Budget!$D$5:$D$104="Cost"),--ISNUMBER(Budget!$I$5:$I$104))=0,"",SUMIFS(Budget!$I$5:$I$104,Budget!$A$5:$A$104,">="&$A14,Budget!$A$5:$A$104,"<"&DATE(YEAR($A14),MONTH($A14)+1,1),Budget!$D$5:$D$104,"Cost"))) | G14: =IF($A14="","",IF(COUNT(E14:F14)=0,"",IF(E14="",0,E14)-IF(F14="",0,F14)))
A15: =IF(Assumptions!$B$2="","",DATE(Assumptions!$B$2,2,1)) | B15: =IF($A15="","",IF(SUMPRODUCT(--(Budget!$A$5:$A$104>=$A15),--(Budget!$A$5:$A$104<DATE(YEAR($A15),MONTH($A15)+1,1)),--(Budget!$D$5:$D$104="Revenue"),--ISNUMBER(Budget!$H$5:$H$104))=0,"",SUMIFS(Budget!$H$5:$H$104,Budget!$A$5:$A$104,">="&$A15,Budget!$A$5:$A$104,"<"&DATE(YEAR($A15),MONTH($A15)+1,1),Budget!$D$5:$D$104,"Revenue"))) | C15: =IF($A15="","",IF(SUMPRODUCT(--(Budget!$A$5:$A$104>=$A15),--(Budget!$A$5:$A$104<DATE(YEAR($A15),MONTH($A15)+1,1)),--(Budget!$D$5:$D$104="Cost"),--ISNUMBER(Budget!$H$5:$H$104))=0,"",SUMIFS(Budget!$H$5:$H$104,Budget!$A$5:$A$104,">="&$A15,Budget!$A$5:$A$104,"<"&DATE(YEAR($A15),MONTH($A15)+1,1),Budget!$D$5:$D$104,"Cost"))) | D15: =IF($A15="","",IF(COUNT(B15:C15)=0,"",IF(B15="",0,B15)-IF(C15="",0,C15))) | E15: =IF($A15="","",IF(SUMPRODUCT(--(Budget!$A$5:$A$104>=$A15),--(Budget!$A$5:$A$104<DATE(YEAR($A15),MONTH($A15)+1,1)),--(Budget!$D$5:$D$104="Revenue"),--ISNUMBER(Budget!$I$5:$I$104))=0,"",SUMIFS(Budget!$I$5:$I$104,Budget!$A$5:$A$104,">="&$A15,Budget!$A$5:$A$104,"<"&DATE(YEAR($A15),MONTH($A15)+1,1),Budget!$D$5:$D$104,"Revenue"))) | F15: =IF($A15="","",IF(SUMPRODUCT(--(Budget!$A$5:$A$104>=$A15),--(Budget!$A$5:$A$104<DATE(YEAR($A15),MONTH($A15)+1,1)),--(Budget!$D$5:$D$104="Cost"),--ISNUMBER(Budget!$I$5:$I$104))=0,"",SUMIFS(Budget!$I$5:$I$104,Budget!$A$5:$A$104,">="&$A15,Budget!$A$5:$A$104,"<"&DATE(YEAR($A15),MONTH($A15)+1,1),Budget!$D$5:$D$104,"Cost"))) | G15: =IF($A15="","",IF(COUNT(E15:F15)=0,"",IF(E15="",0,E15)-IF(F15="",0,F15)))
A16: =IF(Assumptions!$B$2="","",DATE(Assumptions!$B$2,3,1)) | B16: =IF($A16="","",IF(SUMPRODUCT(--(Budget!$A$5:$A$104>=$A16),--(Budget!$A$5:$A$104<DATE(YEAR($A16),MONTH($A16)+1,1)),--(Budget!$D$5:$D$104="Revenue"),--ISNUMBER(Budget!$H$5:$H$104))=0,"",SUMIFS(Budget!$H$5:$H$104,Budget!$A$5:$A$104,">="&$A16,Budget!$A$5:$A$104,"<"&DATE(YEAR($A16),MONTH($A16)+1,1),Budget!$D$5:$D$104,"Revenue"))) | C16: =IF($A16="","",IF(SUMPRODUCT(--(Budget!$A$5:$A$104>=$A16),--(Budget!$A$5:$A$104<DATE(YEAR($A16),MONTH($A16)+1,1)),--(Budget!$D$5:$D$104="Cost"),--ISNUMBER(Budget!$H$5:$H$104))=0,"",SUMIFS(Budget!$H$5:$H$104,Budget!$A$5:$A$104,">="&$A16,Budget!$A$5:$A$104,"<"&DATE(YEAR($A16),MONTH($A16)+1,1),Budget!$D$5:$D$104,"Cost"))) | D16: =IF($A16="","",IF(COUNT(B16:C16)=0,"",IF(B16="",0,B16)-IF(C16="",0,C16))) | E16: =IF($A16="","",IF(SUMPRODUCT(--(Budget!$A$5:$A$104>=$A16),--(Budget!$A$5:$A$104<DATE(YEAR($A16),MONTH($A16)+1,1)),--(Budget!$D$5:$D$104="Revenue"),--ISNUMBER(Budget!$I$5:$I$104))=0,"",SUMIFS(Budget!$I$5:$I$104,Budget!$A$5:$A$104,">="&$A16,Budget!$A$5:$A$104,"<"&DATE(YEAR($A16),MONTH($A16)+1,1),Budget!$D$5:$D$104,"Revenue"))) | F16: =IF($A16="","",IF(SUMPRODUCT(--(Budget!$A$5:$A$104>=$A16),--(Budget!$A$5:$A$104<DATE(YEAR($A16),MONTH($A16)+1,1)),--(Budget!$D$5:$D$104="Cost"),--ISNUMBER(Budget!$I$5:$I$104))=0,"",SUMIFS(Budget!$I$5:$I$104,Budget!$A$5:$A$104,">="&$A16,Budget!$A$5:$A$104,"<"&DATE(YEAR($A16),MONTH($A16)+1,1),Budget!$D$5:$D$104,"Cost"))) | G16: =IF($A16="","",IF(COUNT(E16:F16)=0,"",IF(E16="",0,E16)-IF(F16="",0,F16)))
A17: =IF(Assumptions!$B$2="","",DATE(Assumptions!$B$2,4,1)) | B17: =IF($A17="","",IF(SUMPRODUCT(--(Budget!$A$5:$A$104>=$A17),--(Budget!$A$5:$A$104<DATE(YEAR($A17),MONTH($A17)+1,1)),--(Budget!$D$5:$D$104="Revenue"),--ISNUMBER(Budget!$H$5:$H$104))=0,"",SUMIFS(Budget!$H$5:$H$104,Budget!$A$5:$A$104,">="&$A17,Budget!$A$5:$A$104,"<"&DATE(YEAR($A17),MONTH($A17)+1,1),Budget!$D$5:$D$104,"Revenue"))) | C17: =IF($A17="","",IF(SUMPRODUCT(--(Budget!$A$5:$A$104>=$A17),--(Budget!$A$5:$A$104<DATE(YEAR($A17),MONTH($A17)+1,1)),--(Budget!$D$5:$D$104="Cost"),--ISNUMBER(Budget!$H$5:$H$104))=0,"",SUMIFS(Budget!$H$5:$H$104,Budget!$A$5:$A$104,">="&$A17,Budget!$A$5:$A$104,"<"&DATE(YEAR($A17),MONTH($A17)+1,1),Budget!$D$5:$D$104,"Cost"))) | D17: =IF($A17="","",IF(COUNT(B17:C17)=0,"",IF(B17="",0,B17)-IF(C17="",0,C17))) | E17: =IF($A17="","",IF(SUMPRODUCT(--(Budget!$A$5:$A$104>=$A17),--(Budget!$A$5:$A$104<DATE(YEAR($A17),MONTH($A17)+1,1)),--(Budget!$D$5:$D$104="Revenue"),--ISNUMBER(Budget!$I$5:$I$104))=0,"",SUMIFS(Budget!$I$5:$I$104,Budget!$A$5:$A$104,">="&$A17,Budget!$A$5:$A$104,"<"&DATE(YEAR($A17),MONTH($A17)+1,1),Budget!$D$5:$D$104,"Revenue"))) | F17: =IF($A17="","",IF(SUMPRODUCT(--(Budget!$A$5:$A$104>=$A17),--(Budget!$A$5:$A$104<DATE(YEAR($A17),MONTH($A17)+1,1)),--(Budget!$D$5:$D$104="Cost"),--ISNUMBER(Budget!$I$5:$I$104))=0,"",SUMIFS(Budget!$I$5:$I$104,Budget!$A$5:$A$104,">="&$A17,Budget!$A$5:$A$104,"<"&DATE(YEAR($A17),MONTH($A17)+1,1),Budget!$D$5:$D$104,"Cost"))) | G17: =IF($A17="","",IF(COUNT(E17:F17)=0,"",IF(E17="",0,E17)-IF(F17="",0,F17)))
A18: =IF(Assumptions!$B$2="","",DATE(Assumptions!$B$2,5,1)) | B18: =IF($A18="","",IF(SUMPRODUCT(--(Budget!$A$5:$A$104>=$A18),--(Budget!$A$5:$A$104<DATE(YEAR($A18),MONTH($A18)+1,1)),--(Budget!$D$5:$D$104="Revenue"),--ISNUMBER(Budget!$H$5:$H$104))=0,"",SUMIFS(Budget!$H$5:$H$104,Budget!$A$5:$A$104,">="&$A18,Budget!$A$5:$A$104,"<"&DATE(YEAR($A18),MONTH($A18)+1,1),Budget!$D$5:$D$104,"Revenue"))) | C18: =IF($A18="","",IF(SUMPRODUCT(--(Budget!$A$5:$A$104>=$A18),--(Budget!$A$5:$A$104<DATE(YEAR($A18),MONTH($A18)+1,1)),--(Budget!$D$5:$D$104="Cost"),--ISNUMBER(Budget!$H$5:$H$104))=0,"",SUMIFS(Budget!$H$5:$H$104,Budget!$A$5:$A$104,">="&$A18,Budget!$A$5:$A$104,"<"&DATE(YEAR($A18),MONTH($A18)+1,1),Budget!$D$5:$D$104,"Cost"))) | D18: =IF($A18="","",IF(COUNT(B18:C18)=0,"",IF(B18="",0,B18)-IF(C18="",0,C18))) | E18: =IF($A18="","",IF(SUMPRODUCT(--(Budget!$A$5:$A$104>=$A18),--(Budget!$A$5:$A$104<DATE(YEAR($A18),MONTH($A18)+1,1)),--(Budget!$D$5:$D$104="Revenue"),--ISNUMBER(Budget!$I$5:$I$104))=0,"",SUMIFS(Budget!$I$5:$I$104,Budget!$A$5:$A$104,">="&$A18,Budget!$A$5:$A$104,"<"&DATE(YEAR($A18),MONTH($A18)+1,1),Budget!$D$5:$D$104,"Revenue"))) | F18: =IF($A18="","",IF(SUMPRODUCT(--(Budget!$A$5:$A$104>=$A18),--(Budget!$A$5:$A$104<DATE(YEAR($A18),MONTH($A18)+1,1)),--(Budget!$D$5:$D$104="Cost"),--ISNUMBER(Budget!$I$5:$I$104))=0,"",SUMIFS(Budget!$I$5:$I$104,Budget!$A$5:$A$104,">="&$A18,Budget!$A$5:$A$104,"<"&DATE(YEAR($A18),MONTH($A18)+1,1),Budget!$D$5:$D$104,"Cost"))) | G18: =IF($A18="","",IF(COUNT(E18:F18)=0,"",IF(E18="",0,E18)-IF(F18="",0,F18)))
A19: =IF(Assumptions!$B$2="","",DATE(Assumptions!$B$2,6,1)) | B19: =IF($A19="","",IF(SUMPRODUCT(--(Budget!$A$5:$A$104>=$A19),--(Budget!$A$5:$A$104<DATE(YEAR($A19),MONTH($A19)+1,1)),--(Budget!$D$5:$D$104="Revenue"),--ISNUMBER(Budget!$H$5:$H$104))=0,"",SUMIFS(Budget!$H$5:$H$104,Budget!$A$5:$A$104,">="&$A19,Budget!$A$5:$A$104,"<"&DATE(YEAR($A19),MONTH($A19)+1,1),Budget!$D$5:$D$104,"Revenue"))) | C19: =IF($A19="","",IF(SUMPRODUCT(--(Budget!$A$5:$A$104>=$A19),--(Budget!$A$5:$A$104<DATE(YEAR($A19),MONTH($A19)+1,1)),--(Budget!$D$5:$D$104="Cost"),--ISNUMBER(Budget!$H$5:$H$104))=0,"",SUMIFS(Budget!$H$5:$H$104,Budget!$A$5:$A$104,">="&$A19,Budget!$A$5:$A$104,"<"&DATE(YEAR($A19),MONTH($A19)+1,1),Budget!$D$5:$D$104,"Cost"))) | D19: =IF($A19="","",IF(COUNT(B19:C19)=0,"",IF(B19="",0,B19)-IF(C19="",0,C19))) | E19: =IF($A19="","",IF(SUMPRODUCT(--(Budget!$A$5:$A$104>=$A19),--(Budget!$A$5:$A$104<DATE(YEAR($A19),MONTH($A19)+1,1)),--(Budget!$D$5:$D$104="Revenue"),--ISNUMBER(Budget!$I$5:$I$104))=0,"",SUMIFS(Budget!$I$5:$I$104,Budget!$A$5:$A$104,">="&$A19,Budget!$A$5:$A$104,"<"&DATE(YEAR($A19),MONTH($A19)+1,1),Budget!$D$5:$D$104,"Revenue"))) | F19: =IF($A19="","",IF(SUMPRODUCT(--(Budget!$A$5:$A$104>=$A19),--(Budget!$A$5:$A$104<DATE(YEAR($A19),MONTH($A19)+1,1)),--(Budget!$D$5:$D$104="Cost"),--ISNUMBER(Budget!$I$5:$I$104))=0,"",SUMIFS(Budget!$I$5:$I$104,Budget!$A$5:$A$104,">="&$A19,Budget!$A$5:$A$104,"<"&DATE(YEAR($A19),MONTH($A19)+1,1),Budget!$D$5:$D$104,"Cost"))) | G19: =IF($A19="","",IF(COUNT(E19:F19)=0,"",IF(E19="",0,E19)-IF(F19="",0,F19)))
A20: =IF(Assumptions!$B$2="","",DATE(Assumptions!$B$2,7,1)) | B20: =IF($A20="","",IF(SUMPRODUCT(--(Budget!$A$5:$A$104>=$A20),--(Budget!$A$5:$A$104<DATE(YEAR($A20),MONTH($A20)+1,1)),--(Budget!$D$5:$D$104="Revenue"),--ISNUMBER(Budget!$H$5:$H$104))=0,"",SUMIFS(Budget!$H$5:$H$104,Budget!$A$5:$A$104,">="&$A20,Budget!$A$5:$A$104,"<"&DATE(YEAR($A20),MONTH($A20)+1,1),Budget!$D$5:$D$104,"Revenue"))) | C20: =IF($A20="","",IF(SUMPRODUCT(--(Budget!$A$5:$A$104>=$A20),--(Budget!$A$5:$A$104<DATE(YEAR($A20),MONTH($A20)+1,1)),--(Budget!$D$5:$D$104="Cost"),--ISNUMBER(Budget!$H$5:$H$104))=0,"",SUMIFS(Budget!$H$5:$H$104,Budget!$A$5:$A$104,">="&$A20,Budget!$A$5:$A$104,"<"&DATE(YEAR($A20),MONTH($A20)+1,1),Budget!$D$5:$D$104,"Cost"))) | D20: =IF($A20="","",IF(COUNT(B20:C20)=0,"",IF(B20="",0,B20)-IF(C20="",0,C20))) | E20: =IF($A20="","",IF(SUMPRODUCT(--(Budget!$A$5:$A$104>=$A20),--(Budget!$A$5:$A$104<DATE(YEAR($A20),MONTH($A20)+1,1)),--(Budget!$D$5:$D$104="Revenue"),--ISNUMBER(Budget!$I$5:$I$104))=0,"",SUMIFS(Budget!$I$5:$I$104,Budget!$A$5:$A$104,">="&$A20,Budget!$A$5:$A$104,"<"&DATE(YEAR($A20),MONTH($A20)+1,1),Budget!$D$5:$D$104,"Revenue"))) | F20: =IF($A20="","",IF(SUMPRODUCT(--(Budget!$A$5:$A$104>=$A20),--(Budget!$A$5:$A$104<DATE(YEAR($A20),MONTH($A20)+1,1)),--(Budget!$D$5:$D$104="Cost"),--ISNUMBER(Budget!$I$5:$I$104))=0,"",SUMIFS(Budget!$I$5:$I$104,Budget!$A$5:$A$104,">="&$A20,Budget!$A$5:$A$104,"<"&DATE(YEAR($A20),MONTH($A20)+1,1),Budget!$D$5:$D$104,"Cost"))) | G20: =IF($A20="","",IF(COUNT(E20:F20)=0,"",IF(E20="",0,E20)-IF(F20="",0,F20)))
A21: =IF(Assumptions!$B$2="","",DATE(Assumptions!$B$2,8,1)) | B21: =IF($A21="","",IF(SUMPRODUCT(--(Budget!$A$5:$A$104>=$A21),--(Budget!$A$5:$A$104<DATE(YEAR($A21),MONTH($A21)+1,1)),--(Budget!$D$5:$D$104="Revenue"),--ISNUMBER(Budget!$H$5:$H$104))=0,"",SUMIFS(Budget!$H$5:$H$104,Budget!$A$5:$A$104,">="&$A21,Budget!$A$5:$A$104,"<"&DATE(YEAR($A21),MONTH($A21)+1,1),Budget!$D$5:$D$104,"Revenue"))) | C21: =IF($A21="","",IF(SUMPRODUCT(--(Budget!$A$5:$A$104>=$A21),--(Budget!$A$5:$A$104<DATE(YEAR($A21),MONTH($A21)+1,1)),--(Budget!$D$5:$D$104="Cost"),--ISNUMBER(Budget!$H$5:$H$104))=0,"",SUMIFS(Budget!$H$5:$H$104,Budget!$A$5:$A$104,">="&$A21,Budget!$A$5:$A$104,"<"&DATE(YEAR($A21),MONTH($A21)+1,1),Budget!$D$5:$D$104,"Cost"))) | D21: =IF($A21="","",IF(COUNT(B21:C21)=0,"",IF(B21="",0,B21)-IF(C21="",0,C21))) | E21: =IF($A21="","",IF(SUMPRODUCT(--(Budget!$A$5:$A$104>=$A21),--(Budget!$A$5:$A$104<DATE(YEAR($A21),MONTH($A21)+1,1)),--(Budget!$D$5:$D$104="Revenue"),--ISNUMBER(Budget!$I$5:$I$104))=0,"",SUMIFS(Budget!$I$5:$I$104,Budget!$A$5:$A$104,">="&$A21,Budget!$A$5:$A$104,"<"&DATE(YEAR($A21),MONTH($A21)+1,1),Budget!$D$5:$D$104,"Revenue"))) | F21: =IF($A21="","",IF(SUMPRODUCT(--(Budget!$A$5:$A$104>=$A21),--(Budget!$A$5:$A$104<DATE(YEAR($A21),MONTH($A21)+1,1)),--(Budget!$D$5:$D$104="Cost"),--ISNUMBER(Budget!$I$5:$I$104))=0,"",SUMIFS(Budget!$I$5:$I$104,Budget!$A$5:$A$104,">="&$A21,Budget!$A$5:$A$104,"<"&DATE(YEAR($A21),MONTH($A21)+1,1),Budget!$D$5:$D$104,"Cost"))) | G21: =IF($A21="","",IF(COUNT(E21:F21)=0,"",IF(E21="",0,E21)-IF(F21="",0,F21)))
A22: =IF(Assumptions!$B$2="","",DATE(Assumptions!$B$2,9,1)) | B22: =IF($A22="","",IF(SUMPRODUCT(--(Budget!$A$5:$A$104>=$A22),--(Budget!$A$5:$A$104<DATE(YEAR($A22),MONTH($A22)+1,1)),--(Budget!$D$5:$D$104="Revenue"),--ISNUMBER(Budget!$H$5:$H$104))=0,"",SUMIFS(Budget!$H$5:$H$104,Budget!$A$5:$A$104,">="&$A22,Budget!$A$5:$A$104,"<"&DATE(YEAR($A22),MONTH($A22)+1,1),Budget!$D$5:$D$104,"Revenue"))) | C22: =IF($A22="","",IF(SUMPRODUCT(--(Budget!$A$5:$A$104>=$A22),--(Budget!$A$5:$A$104<DATE(YEAR($A22),MONTH($A22)+1,1)),--(Budget!$D$5:$D$104="Cost"),--ISNUMBER(Budget!$H$5:$H$104))=0,"",SUMIFS(Budget!$H$5:$H$104,Budget!$A$5:$A$104,">="&$A22,Budget!$A$5:$A$104,"<"&DATE(YEAR($A22),MONTH($A22)+1,1),Budget!$D$5:$D$104,"Cost"))) | D22: =IF($A22="","",IF(COUNT(B22:C22)=0,"",IF(B22="",0,B22)-IF(C22="",0,C22))) | E22: =IF($A22="","",IF(SUMPRODUCT(--(Budget!$A$5:$A$104>=$A22),--(Budget!$A$5:$A$104<DATE(YEAR($A22),MONTH($A22)+1,1)),--(Budget!$D$5:$D$104="Revenue"),--ISNUMBER(Budget!$I$5:$I$104))=0,"",SUMIFS(Budget!$I$5:$I$104,Budget!$A$5:$A$104,">="&$A22,Budget!$A$5:$A$104,"<"&DATE(YEAR($A22),MONTH($A22)+1,1),Budget!$D$5:$D$104,"Revenue"))) | F22: =IF($A22="","",IF(SUMPRODUCT(--(Budget!$A$5:$A$104>=$A22),--(Budget!$A$5:$A$104<DATE(YEAR($A22),MONTH($A22)+1,1)),--(Budget!$D$5:$D$104="Cost"),--ISNUMBER(Budget!$I$5:$I$104))=0,"",SUMIFS(Budget!$I$5:$I$104,Budget!$A$5:$A$104,">="&$A22,Budget!$A$5:$A$104,"<"&DATE(YEAR($A22),MONTH($A22)+1,1),Budget!$D$5:$D$104,"Cost"))) | G22: =IF($A22="","",IF(COUNT(E22:F22)=0,"",IF(E22="",0,E22)-IF(F22="",0,F22)))
A23: =IF(Assumptions!$B$2="","",DATE(Assumptions!$B$2,10,1)) | B23: =IF($A23="","",IF(SUMPRODUCT(--(Budget!$A$5:$A$104>=$A23),--(Budget!$A$5:$A$104<DATE(YEAR($A23),MONTH($A23)+1,1)),--(Budget!$D$5:$D$104="Revenue"),--ISNUMBER(Budget!$H$5:$H$104))=0,"",SUMIFS(Budget!$H$5:$H$104,Budget!$A$5:$A$104,">="&$A23,Budget!$A$5:$A$104,"<"&DATE(YEAR($A23),MONTH($A23)+1,1),Budget!$D$5:$D$104,"Revenue"))) | C23: =IF($A23="","",IF(SUMPRODUCT(--(Budget!$A$5:$A$104>=$A23),--(Budget!$A$5:$A$104<DATE(YEAR($A23),MONTH($A23)+1,1)),--(Budget!$D$5:$D$104="Cost"),--ISNUMBER(Budget!$H$5:$H$104))=0,"",SUMIFS(Budget!$H$5:$H$104,Budget!$A$5:$A$104,">="&$A23,Budget!$A$5:$A$104,"<"&DATE(YEAR($A23),MONTH($A23)+1,1),Budget!$D$5:$D$104,"Cost"))) | D23: =IF($A23="","",IF(COUNT(B23:C23)=0,"",IF(B23="",0,B23)-IF(C23="",0,C23))) | E23: =IF($A23="","",IF(SUMPRODUCT(--(Budget!$A$5:$A$104>=$A23),--(Budget!$A$5:$A$104<DATE(YEAR($A23),MONTH($A23)+1,1)),--(Budget!$D$5:$D$104="Revenue"),--ISNUMBER(Budget!$I$5:$I$104))=0,"",SUMIFS(Budget!$I$5:$I$104,Budget!$A$5:$A$104,">="&$A23,Budget!$A$5:$A$104,"<"&DATE(YEAR($A23),MONTH($A23)+1,1),Budget!$D$5:$D$104,"Revenue"))) | F23: =IF($A23="","",IF(SUMPRODUCT(--(Budget!$A$5:$A$104>=$A23),--(Budget!$A$5:$A$104<DATE(YEAR($A23),MONTH($A23)+1,1)),--(Budget!$D$5:$D$104="Cost"),--ISNUMBER(Budget!$I$5:$I$104))=0,"",SUMIFS(Budget!$I$5:$I$104,Budget!$A$5:$A$104,">="&$A23,Budget!$A$5:$A$104,"<"&DATE(YEAR($A23),MONTH($A23)+1,1),Budget!$D$5:$D$104,"Cost"))) | G23: =IF($A23="","",IF(COUNT(E23:F23)=0,"",IF(E23="",0,E23)-IF(F23="",0,F23)))
A24: =IF(Assumptions!$B$2="","",DATE(Assumptions!$B$2,11,1)) | B24: =IF($A24="","",IF(SUMPRODUCT(--(Budget!$A$5:$A$104>=$A24),--(Budget!$A$5:$A$104<DATE(YEAR($A24),MONTH($A24)+1,1)),--(Budget!$D$5:$D$104="Revenue"),--ISNUMBER(Budget!$H$5:$H$104))=0,"",SUMIFS(Budget!$H$5:$H$104,Budget!$A$5:$A$104,">="&$A24,Budget!$A$5:$A$104,"<"&DATE(YEAR($A24),MONTH($A24)+1,1),Budget!$D$5:$D$104,"Revenue"))) | C24: =IF($A24="","",IF(SUMPRODUCT(--(Budget!$A$5:$A$104>=$A24),--(Budget!$A$5:$A$104<DATE(YEAR($A24),MONTH($A24)+1,1)),--(Budget!$D$5:$D$104="Cost"),--ISNUMBER(Budget!$H$5:$H$104))=0,"",SUMIFS(Budget!$H$5:$H$104,Budget!$A$5:$A$104,">="&$A24,Budget!$A$5:$A$104,"<"&DATE(YEAR($A24),MONTH($A24)+1,1),Budget!$D$5:$D$104,"Cost"))) | D24: =IF($A24="","",IF(COUNT(B24:C24)=0,"",IF(B24="",0,B24)-IF(C24="",0,C24))) | E24: =IF($A24="","",IF(SUMPRODUCT(--(Budget!$A$5:$A$104>=$A24),--(Budget!$A$5:$A$104<DATE(YEAR($A24),MONTH($A24)+1,1)),--(Budget!$D$5:$D$104="Revenue"),--ISNUMBER(Budget!$I$5:$I$104))=0,"",SUMIFS(Budget!$I$5:$I$104,Budget!$A$5:$A$104,">="&$A24,Budget!$A$5:$A$104,"<"&DATE(YEAR($A24),MONTH($A24)+1,1),Budget!$D$5:$D$104,"Revenue"))) | F24: =IF($A24="","",IF(SUMPRODUCT(--(Budget!$A$5:$A$104>=$A24),--(Budget!$A$5:$A$104<DATE(YEAR($A24),MONTH($A24)+1,1)),--(Budget!$D$5:$D$104="Cost"),--ISNUMBER(Budget!$I$5:$I$104))=0,"",SUMIFS(Budget!$I$5:$I$104,Budget!$A$5:$A$104,">="&$A24,Budget!$A$5:$A$104,"<"&DATE(YEAR($A24),MONTH($A24)+1,1),Budget!$D$5:$D$104,"Cost"))) | G24: =IF($A24="","",IF(COUNT(E24:F24)=0,"",IF(E24="",0,E24)-IF(F24="",0,F24)))
A25: =IF(Assumptions!$B$2="","",DATE(Assumptions!$B$2,12,1)) | B25: =IF($A25="","",IF(SUMPRODUCT(--(Budget!$A$5:$A$104>=$A25),--(Budget!$A$5:$A$104<DATE(YEAR($A25),MONTH($A25)+1,1)),--(Budget!$D$5:$D$104="Revenue"),--ISNUMBER(Budget!$H$5:$H$104))=0,"",SUMIFS(Budget!$H$5:$H$104,Budget!$A$5:$A$104,">="&$A25,Budget!$A$5:$A$104,"<"&DATE(YEAR($A25),MONTH($A25)+1,1),Budget!$D$5:$D$104,"Revenue"))) | C25: =IF($A25="","",IF(SUMPRODUCT(--(Budget!$A$5:$A$104>=$A25),--(Budget!$A$5:$A$104<DATE(YEAR($A25),MONTH($A25)+1,1)),--(Budget!$D$5:$D$104="Cost"),--ISNUMBER(Budget!$H$5:$H$104))=0,"",SUMIFS(Budget!$H$5:$H$104,Budget!$A$5:$A$104,">="&$A25,Budget!$A$5:$A$104,"<"&DATE(YEAR($A25),MONTH($A25)+1,1),Budget!$D$5:$D$104,"Cost"))) | D25: =IF($A25="","",IF(COUNT(B25:C25)=0,"",IF(B25="",0,B25)-IF(C25="",0,C25))) | E25: =IF($A25="","",IF(SUMPRODUCT(--(Budget!$A$5:$A$104>=$A25),--(Budget!$A$5:$A$104<DATE(YEAR($A25),MONTH($A25)+1,1)),--(Budget!$D$5:$D$104="Revenue"),--ISNUMBER(Budget!$I$5:$I$104))=0,"",SUMIFS(Budget!$I$5:$I$104,Budget!$A$5:$A$104,">="&$A25,Budget!$A$5:$A$104,"<"&DATE(YEAR($A25),MONTH($A25)+1,1),Budget!$D$5:$D$104,"Revenue"))) | F25: =IF($A25="","",IF(SUMPRODUCT(--(Budget!$A$5:$A$104>=$A25),--(Budget!$A$5:$A$104<DATE(YEAR($A25),MONTH($A25)+1,1)),--(Budget!$D$5:$D$104="Cost"),--ISNUMBER(Budget!$I$5:$I$104))=0,"",SUMIFS(Budget!$I$5:$I$104,Budget!$A$5:$A$104,">="&$A25,Budget!$A$5:$A$104,"<"&DATE(YEAR($A25),MONTH($A25)+1,1),Budget!$D$5:$D$104,"Cost"))) | G25: =IF($A25="","",IF(COUNT(E25:F25)=0,"",IF(E25="",0,E25)-IF(F25="",0,F25)))

Sheet Budget
A1: Annual Landscaping Budget
A2: Yellow cells are editable. All example records, names, properties, and transactions are fictional.
A3: Planning rates come from Assumptions. Enter actual amounts as positive values when they are available.
A4: Plan Date | B4: Customer / Property | C4: Budget Category | D4: Line Type | E4: Unit | F4: Quantity | G4: Planning Rate | H4: Budget Amount | I4: Actual Amount | J4: Favorable Variance | K4: Status | L4: Notes
A5: 46388 | B5: Fictional Cedar Kite Commons | C5: Seasonal Cleanup Revenue | D5: =IF(C5="","",IFERROR(VLOOKUP(C5,Assumptions!$A$7:$D$18,2,FALSE),"")) | E5: =IF(C5="","",IFERROR(VLOOKUP(C5,Assumptions!$A$7:$D$18,3,FALSE),"")) | F5: 2 | G5: =IF(C5="","",IFERROR(VLOOKUP(C5,Assumptions!$A$7:$D$18,4,FALSE),"")) | H5: =IF(OR(C5="",F5="",G5=""),"",F5*G5) | I5: 2650 | J5: =IF(OR(D5="",H5="",I5=""),"",IF(D5="Revenue",I5-H5,H5-I5)) | K5: Complete | L5: Fictional annual kickoff cleanup.
A6: 46430 | B6: Sample Northstar Garden Court | C6: Bed Care Revenue | D6: =IF(C6="","",IFERROR(VLOOKUP(C6,Assumptions!$A$7:$D$18,2,FALSE),"")) | E6: =IF(C6="","",IFERROR(VLOOKUP(C6,Assumptions!$A$7:$D$18,3,FALSE),"")) | F6: 24 | G6: =IF(C6="","",IFERROR(VLOOKUP(C6,Assumptions!$A$7:$D$18,4,FALSE),"")) | H6: =IF(OR(C6="",F6="",G6=""),"",F6*G6) | I6: 1800 | J6: =IF(OR(D6="",H6="",I6=""),"",IF(D6="Revenue",I6-H6,H6-I6)) | K6: Complete | L6: Fictional winter bed care work.
A7: 46464 | B7: Demo Prairie Lantern Offices | C7: Field Labor Cost | D7: =IF(C7="","",IFERROR(VLOOKUP(C7,Assumptions!$A$7:$D$18,2,FALSE),"")) | E7: =IF(C7="","",IFERROR(VLOOKUP(C7,Assumptions!$A$7:$D$18,3,FALSE),"")) | F7: 120 | G7: =IF(C7="","",IFERROR(VLOOKUP(C7,Assumptions!$A$7:$D$18,4,FALSE),"")) | H7: =IF(OR(C7="",F7="",G7=""),"",F7*G7) | I7: 3600 | J7: =IF(OR(D7="",H7="",I7=""),"",IF(D7="Revenue",I7-H7,H7-I7)) | K7: Complete | L7: Fictional crew labor cost entry.
A8: 46486 | B8: Example Silver Acorn Residence | C8: Mowing Revenue | D8: =IF(C8="","",IFERROR(VLOOKUP(C8,Assumptions!$A$7:$D$18,2,FALSE),"")) | E8: =IF(C8="","",IFERROR(VLOOKUP(C8,Assumptions!$A$7:$D$18,3,FALSE),"")) | F8: 18 | G8: =IF(C8="","",IFERROR(VLOOKUP(C8,Assumptions!$A$7:$D$18,4,FALSE),"")) | H8: =IF(OR(C8="",F8="",G8=""),"",F8*G8) | I8: 3400 | J8: =IF(OR(D8="",H8="",I8=""),"",IF(D8="Revenue",I8-H8,H8-I8)) | K8: Complete | L8: Fictional spring mowing schedule.
A9: 46528 | B9: Fictional Copper Finch Campus | C9: Fuel Cost | D9: =IF(C9="","",IFERROR(VLOOKUP(C9,Assumptions!$A$7:$D$18,2,FALSE),"")) | E9: =IF(C9="","",IFERROR(VLOOKUP(C9,Assumptions!$A$7:$D$18,3,FALSE),"")) | F9: 220 | G9: =IF(C9="","",IFERROR(VLOOKUP(C9,Assumptions!$A$7:$D$18,4,FALSE),"")) | H9: =IF(OR(C9="",F9="",G9=""),"",F9*G9) | I9: 990 | J9: =IF(OR(D9="",H9="",I9=""),"",IF(D9="Revenue",I9-H9,H9-I9)) | K9: Complete | L9: Fictional operating fuel entry.
A10: 46552 | B10: Sample Blue Arbor Courtyard | C10: Landscape Enhancement Revenue | D10: =IF(C10="","",IFERROR(VLOOKUP(C10,Assumptions!$A$7:$D$18,2,FALSE),"")) | E10: =IF(C10="","",IFERROR(VLOOKUP(C10,Assumptions!$A$7:$D$18,3,FALSE),"")) | F10: 2 | G10: =IF(C10="","",IFERROR(VLOOKUP(C10,Assumptions!$A$7:$D$18,4,FALSE),"")) | H10: =IF(OR(C10="",F10="",G10=""),"",F10*G10) | I10: 6200 | J10: =IF(OR(D10="",H10="",I10=""),"",IF(D10="Revenue",I10-H10,H10-I10)) | K10: Complete | L10: Fictional courtyard enhancement work.
A11: 46591 | B11: Demo Juniper Moon Apartments | C11: Equipment Cost | D11: =IF(C11="","",IFERROR(VLOOKUP(C11,Assumptions!$A$7:$D$18,2,FALSE),"")) | E11: =IF(C11="","",IFERROR(VLOOKUP(C11,Assumptions!$A$7:$D$18,3,FALSE),"")) | F11: 75 | G11: =IF(C11="","",IFERROR(VLOOKUP(C11,Assumptions!$A$7:$D$18,4,FALSE),"")) | H11: =IF(OR(C11="",F11="",G11=""),"",F11*G11) | I11: 1750 | J11: =IF(OR(D11="",H11="",I11=""),"",IF(D11="Revenue",I11-H11,H11-I11)) | K11: In Progress | L11: Fictional equipment operating entry.
A12: 46615 | B12: Example Golden Fern Retail Center | C12: Materials Cost | D12: =IF(C12="","",IFERROR(VLOOKUP(C12,Assumptions!$A$7:$D$18,2,FALSE),"")) | E12: =IF(C12="","",IFERROR(VLOOKUP(C12,Assumptions!$A$7:$D$18,3,FALSE),"")) | F12: 40 | G12: =IF(C12="","",IFERROR(VLOOKUP(C12,Assumptions!$A$7:$D$18,4,FALSE),"")) | H12: =IF(OR(C12="",F12="",G12=""),"",F12*G12) | J12: =IF(OR(D12="",H12="",I12=""),"",IF(D12="Revenue",I12-H12,H12-I12)) | K12: Scheduled | L12: Fictional materials allowance.
A13: 46641 | B13: Fictional Willow Compass Residence | C13: Tree & Shrub Care Revenue | D13: =IF(C13="","",IFERROR(VLOOKUP(C13,Assumptions!$A$7:$D$18,2,FALSE),"")) | E13: =IF(C13="","",IFERROR(VLOOKUP(C13,Assumptions!$A$7:$D$18,3,FALSE),"")) | F13: 16 | G13: =IF(C13="","",IFERROR(VLOOKUP(C13,Assumptions!$A$7:$D$18,4,FALSE),"")) | H13: =IF(OR(C13="",F13="",G13=""),"",F13*G13) | J13: =IF(OR(D13="",H13="",I13=""),"",IF(D13="Revenue",I13-H13,H13-I13)) | K13: Planned | L13: Fictional tree and shrub service.
A14: 46752 | B14: Sample Greenway Operations Yard | C14: Facility & Overhead Cost | D14: =IF(C14="","",IFERROR(VLOOKUP(C14,Assumptions!$A$7:$D$18,2,FALSE),"")) | E14: =IF(C14="","",IFERROR(VLOOKUP(C14,Assumptions!$A$7:$D$18,3,FALSE),"")) | F14: 1 | G14: =IF(C14="","",IFERROR(VLOOKUP(C14,Assumptions!$A$7:$D$18,4,FALSE),"")) | H14: =IF(OR(C14="",F14="",G14=""),"",F14*G14) | J14: =IF(OR(D14="",H14="",I14=""),"",IF(D14="Revenue",I14-H14,H14-I14)) | K14: On Hold | L14: Fictional year-end overhead entry for review.
D15: =IF(C15="","",IFERROR(VLOOKUP(C15,Assumptions!$A$7:$D$18,2,FALSE),"")) | E15: =IF(C15="","",IFERROR(VLOOKUP(C15,Assumptions!$A$7:$D$18,3,FALSE),"")) | G15: =IF(C15="","",IFERROR(VLOOKUP(C15,Assumptions!$A$7:$D$18,4,FALSE),"")) | H15: =IF(OR(C15="",F15="",G15=""),"",F15*G15) | J15: =IF(OR(D15="",H15="",I15=""),"",IF(D15="Revenue",I15-H15,H15-I15))
D16: =IF(C16="","",IFERROR(VLOOKUP(C16,Assumptions!$A$7:$D$18,2,FALSE),"")) | E16: =IF(C16="","",IFERROR(VLOOKUP(C16,Assumptions!$A$7:$D$18,3,FALSE),"")) | G16: =IF(C16="","",IFERROR(VLOOKUP(C16,Assumptions!$A$7:$D$18,4,FALSE),"")) | H16: =IF(OR(C16="",F16="",G16=""),"",F16*G16) | J16: =IF(OR(D16="",H16="",I16=""),"",IF(D16="Revenue",I16-H16,H16-I16))
D17: =IF(C17="","",IFERROR(VLOOKUP(C17,Assumptions!$A$7:$D$18,2,FALSE),"")) | E17: =IF(C17="","",IFERROR(VLOOKUP(C17,Assumptions!$A$7:$D$18,3,FALSE),"")) | G17: =IF(C17="","",IFERROR(VLOOKUP(C17,Assumptions!$A$7:$D$18,4,FALSE),"")) | H17: =IF(OR(C17="",F17="",G17=""),"",F17*G17) | J17: =IF(OR(D17="",H17="",I17=""),"",IF(D17="Revenue",I17-H17,H17-I17))
D18: =IF(C18="","",IFERROR(VLOOKUP(C18,Assumptions!$A$7:$D$18,2,FALSE),"")) | E18: =IF(C18="","",IFERROR(VLOOKUP(C18,Assumptions!$A$7:$D$18,3,FALSE),"")) | G18: =IF(C18="","",IFERROR(VLOOKUP(C18,Assumptions!$A$7:$D$18,4,FALSE),"")) | H18: =IF(OR(C18="",F18="",G18=""),"",F18*G18) | J18: =IF(OR(D18="",H18="",I18=""),"",IF(D18="Revenue",I18-H18,H18-I18))
D19: =IF(C19="","",IFERROR(VLOOKUP(C19,Assumptions!$A$7:$D$18,2,FALSE),"")) | E19: =IF(C19="","",IFERROR(VLOOKUP(C19,Assumptions!$A$7:$D$18,3,FALSE),"")) | G19: =IF(C19="","",IFERROR(VLOOKUP(C19,Assumptions!$A$7:$D$18,4,FALSE),"")) | H19: =IF(OR(C19="",F19="",G19=""),"",F19*G19) | J19: =IF(OR(D19="",H19="",I19=""),"",IF(D19="Revenue",I19-H19,H19-I19))
D20: =IF(C20="","",IFERROR(VLOOKUP(C20,Assumptions!$A$7:$D$18,2,FALSE),"")) | E20: =IF(C20="","",IFERROR(VLOOKUP(C20,Assumptions!$A$7:$D$18,3,FALSE),"")) | G20: =IF(C20="","",IFERROR(VLOOKUP(C20,Assumptions!$A$7:$D$18,4,FALSE),"")) | H20: =IF(OR(C20="",F20="",G20=""),"",F20*G20) | J20: =IF(OR(D20="",H20="",I20=""),"",IF(D20="Revenue",I20-H20,H20-I20))
D21: =IF(C21="","",IFERROR(VLOOKUP(C21,Assumptions!$A$7:$D$18,2,FALSE),"")) | E21: =IF(C21="","",IFERROR(VLOOKUP(C21,Assumptions!$A$7:$D$18,3,FALSE),"")) | G21: =IF(C21="","",IFERROR(VLOOKUP(C21,Assumptions!$A$7:$D$18,4,FALSE),"")) | H21: =IF(OR(C21="",F21="",G21=""),"",F21*G21) | J21: =IF(OR(D21="",H21="",I21=""),"",IF(D21="Revenue",I21-H21,H21-I21))
D22: =IF(C22="","",IFERROR(VLOOKUP(C22,Assumptions!$A$7:$D$18,2,FALSE),"")) | E22: =IF(C22="","",IFERROR(VLOOKUP(C22,Assumptions!$A$7:$D$18,3,FALSE),"")) | G22: =IF(C22="","",IFERROR(VLOOKUP(C22,Assumptions!$A$7:$D$18,4,FALSE),"")) | H22: =IF(OR(C22="",F22="",G22=""),"",F22*G22) | J22: =IF(OR(D22="",H22="",I22=""),"",IF(D22="Revenue",I22-H22,H22-I22))
D23: =IF(C23="","",IFERROR(VLOOKUP(C23,Assumptions!$A$7:$D$18,2,FALSE),"")) | E23: =IF(C23="","",IFERROR(VLOOKUP(C23,Assumptions!$A$7:$D$18,3,FALSE),"")) | G23: =IF(C23="","",IFERROR(VLOOKUP(C23,Assumptions!$A$7:$D$18,4,FALSE),"")) | H23: =IF(OR(C23="",F23="",G23=""),"",F23*G23) | J23: =IF(OR(D23="",H23="",I23=""),"",IF(D23="Revenue",I23-H23,H23-I23))
D24: =IF(C24="","",IFERROR(VLOOKUP(C24,Assumptions!$A$7:$D$18,2,FALSE),"")) | E24: =IF(C24="","",IFERROR(VLOOKUP(C24,Assumptions!$A$7:$D$18,3,FALSE),"")) | G24: =IF(C24="","",IFERROR(VLOOKUP(C24,Assumptions!$A$7:$D$18,4,FALSE),"")) | H24: =IF(OR(C24="",F24="",G24=""),"",F24*G24) | J24: =IF(OR(D24="",H24="",I24=""),"",IF(D24="Revenue",I24-H24,H24-I24))
D25: =IF(C25="","",IFERROR(VLOOKUP(C25,Assumptions!$A$7:$D$18,2,FALSE),"")) | E25: =IF(C25="","",IFERROR(VLOOKUP(C25,Assumptions!$A$7:$D$18,3,FALSE),"")) | G25: =IF(C25="","",IFERROR(VLOOKUP(C25,Assumptions!$A$7:$D$18,4,FALSE),"")) | H25: =IF(OR(C25="",F25="",G25=""),"",F25*G25) | J25: =IF(OR(D25="",H25="",I25=""),"",IF(D25="Revenue",I25-H25,H25-I25))
D26: =IF(C26="","",IFERROR(VLOOKUP(C26,Assumptions!$A$7:$D$18,2,FALSE),"")) | E26: =IF(C26="","",IFERROR(VLOOKUP(C26,Assumptions!$A$7:$D$18,3,FALSE),"")) | G26: =IF(C26="","",IFERROR(VLOOKUP(C26,Assumptions!$A$7:$D$18,4,FALSE),"")) | H26: =IF(OR(C26="",F26="",G26=""),"",F26*G26) | J26: =IF(OR(D26="",H26="",I26=""),"",IF(D26="Revenue",I26-H26,H26-I26))
... D104: =IF(C104="","",IFERROR(VLOOKUP(C104,Assumptions!$A$7:$D$18,2,FALSE),"")) | E104: =IF(C104="","",IFERROR(VLOOKUP(C104,Assumptions!$A$7:$D$18,3,FALSE),"")) | G104: =IF(C104="","",IFERROR(VLOOKUP(C104,Assumptions!$A$7:$D$18,4,FALSE),"")) | H104: =IF(OR(C104="",F104="",G104=""),"",F104*G104) | J104: =IF(OR(D104="",H104="",I104=""),"",IF(D104="Revenue",I104-H104,H104-I104))

Sheet Assumptions
A1: Landscaping Budget Assumptions
A2: Plan year | B2: 2027 | D2: Editable cells | E2: Edit the yellow plan year and planning rates.
A3: Plan start | B3: =IF(B2="","",DATE(B2,1,1)) | D3: Rate note | E3: Rates are planning estimates and are not guaranteed prices.
A4: Plan end | B4: =IF(B2="","",DATE(B2,12,31)) | D4: Monthly view | E4: The Summary displays January through December for the selected plan year.
A5: Category labels and units are stable choices. Edit only the yellow planning rates.
A6: Budget Category | B6: Line Type | C6: Unit | D6: Planning Rate | E6: Planning Note
A7: Mowing Revenue | B7: Revenue | C7: Visit | D7: 185 | E7: Planning revenue per scheduled mowing visit.
A8: Bed Care Revenue | B8: Revenue | C8: Hour | D8: 78 | E8: Planning revenue per bed care labor hour.
A9: Seasonal Cleanup Revenue | B9: Revenue | C9: Job | D9: 1250 | E9: Planning revenue per seasonal cleanup job.
A10: Landscape Enhancement Revenue | B10: Revenue | C10: Job | D10: 3200 | E10: Planning revenue per enhancement job.
A11: Tree & Shrub Care Revenue | B11: Revenue | C11: Hour | D11: 95 | E11: Planning revenue per service hour.
A12: Irrigation Check Revenue | B12: Revenue | C12: Visit | D12: 145 | E12: Planning revenue per inspection visit.
A13: Field Labor Cost | B13: Cost | C13: Hour | D13: 29 | E13: Estimated field labor cost per hour.
A14: Equipment Cost | B14: Cost | C14: Hour | D14: 24 | E14: Estimated equipment operating cost per hour.
A15: Fuel Cost | B15: Cost | C15: Gallon | D15: 4.25 | E15: Estimated fuel cost per gallon.
A16: Materials Cost | B16: Cost | C16: Supply Unit | D16: 65 | E16: Estimated cost per general supply unit.
A17: Insurance & Admin Cost | B17: Cost | C17: Month | D17: 950 | E17: Estimated monthly insurance and administration cost.
A18: Facility & Overhead Cost | B18: Cost | C18: Month | D18: 1300 | E18: Estimated monthly facility and overhead cost.
